 Dungeon Crawl Stone Soup version 0.30-a0-534-gdc55766716 (webtiles) character file.

Game seed: 10355402025623288117

96 hikkokomori the Grasshopper (level 4, 0/28 HPs)
             Began as a Tengu Warper on Dec 25, 2022.
             Slain by Sigmund
             ... wielding a +0 scythe
              (1 damage)
             ... on level 4 of the Dungeon.
             The game lasted 00:04:01 (1740 turns).

hikkokomori the Grasshopper (Tengu Warper)          Turns: 1740, Time: 00:04:01

Health: 0/28       AC:  3    Str: 11    XL:     4   Next: 67%
Magic:  8/8        EV: 12    Int: 13    God:
Gold:   148        SH:  0    Dex: 16    Spells: 2/7 levels left

rFire   . . .      SeeInvis .    g - +0 long sword
rCold   + . .      Faith    .    (no shield)
rNeg    . . .      Spirit   .    b - +0 leather armour
rPois   .          Reflect  .    (helmet restricted)
rElec   .          Harm     .    y - scarf {repulsion}
rCorr   .          Rampage  .    (no gloves)
Will    .....                    (boots unavailable)
Stlth   +                        (no amulet)
HPRegen 0.24/turn                h - ring of flight
MPRegen 0.11/turn                (no ring)

@: flying, repel missiles
A: beak, talons 3, cold resistance 1
a: no special abilities


You were on level 4 of the Dungeon.
You visited 1 branch of the dungeon, and saw 4 of its levels.

You collected 148 gold pieces.

Inventory:

Hand Weapons
 a - a +0 falchion
 g - a +0 long sword (weapon)
Missiles
 d - 7 boomerangs of dispersal (quivered)
 q - 3 boomerangs
 w - 6 javelins
Armour
 b - a +0 leather armour (worn)
 y - a scarf of repulsion (worn)
Jewellery
 h - a ring of flight (left hand)
Scrolls
 c - a scroll of blinking
 e - 4 scrolls of teleportation {unknown}
 f - a scroll of fog {unknown}
 j - 2 scrolls of poison {unknown}
 n - a scroll of noise {unknown}
 o - a scroll of identify {unknown}
 p - a scroll of enchant weapon {unknown}
 t - a scroll of fear {unknown}
Potions
 i - a potion of lignification {unknown}
 k - a potion of cancellation {unknown}
 l - a potion of heal wounds {unknown}
 m - a potion of berserk rage {unknown}
 r - a potion of might {unknown}
 s - a potion of haste {unknown}
 u - a potion of curing {unknown}
 v - 2 potions of mutation
 x - 2 potions of degeneration {unknown}
 z - a potion of ambrosia {unknown}


   Skills:
 + Level 3.2 Fighting
 + Level 2.5 Long Blades
 - Level 1.1 Throwing
 - Level 1.1 Armour
 - Level 2.2 Dodging
 - Level 2.0 Spellcasting
 + Level 3.3 Translocations
 + Level 1.3 Air Magic


You had 2 spell levels left.
You knew the following spells:

 Your Spells              Type           Power      Damage    Failure   Level
a - Blink                 Tloc           18%        N/A       13%         2
b - Vhi's Electric Charg  Tloc/Air       14%        N/A       36%         3

Your spell library contained the following spells:

 Spells                   Type           Power      Damage    Failure   Level
 Sandblast                Erth           2%         2d4       32%         1
 Summon Small Mammal      Summ           4%         N/A       32%         1
 Passwall                 Tmut/Erth      0%         N/A       45%         2
 Scorch                   Fire           2%         2d5       45%         2
 Gell's Gravitas          Tloc           9%         N/A       26%         3
 Lesser Beckoning         Tloc           18%        N/A       26%         3
 Teleport Other           Tloc           9%         N/A       26%         3
 Manifold Assault         Tloc           9%         N/A       65%         4
 Call Canine Familiar     Summ           1%         N/A       69%         3
 Stone Arrow              Conj/Erth      2%         3d7       69%         3
 Summon Guardian Golem    Hex/Summ       1%         N/A       69%         3
 Flame Wave               Conj/Fire      1%         2d4       97%         4
 Summon Cactus Giant      Summ           0%         N/A       100%        6


Dungeon Overview and Level Annotations

Branches:
Dungeon (4/15)
 Temple: D:4-7

Altars:
Xom

Annotations:
D:4 Sigmund


Innate Abilities, Weirdness & Mutations

You have a beak for a mouth.
You have claws for feet.
Your flesh is cold resistant. (rC+)


Message History

Found a stone staircase leading down.
Sigmund the Dreaded comes into view.
He is wielding a +0 scythe.
Sigmund shouts!
Sigmund laughs darkly.
Sigmund misses you.
Sigmund is nearby!
Sigmund is nearby!
Sigmund is nearby!
Okay, then.
You hit Sigmund. You claw Sigmund. You peck Sigmund, but do no damage.
Sigmund is lightly wounded.
Sigmund closely misses you.
You hit Sigmund but do no damage. Your peck misses Sigmund.
Sigmund is lightly wounded.
Sigmund hits you with a +0 scythe!
You hit Sigmund. You claw Sigmund, but do no damage.
Sigmund is lightly wounded.
Sigmund hits you with a +0 scythe!
You hit Sigmund. Your kick misses Sigmund.
Sigmund is heavily wounded.
You hit Sigmund but do no damage.
Sigmund is heavily wounded.
Sigmund misses you.
You barely miss Sigmund.
Sigmund is heavily wounded.
Sigmund completely misses you.
You hit Sigmund but do no damage. You claw Sigmund! You peck Sigmund.
Sigmund is severely wounded.
Sigmund hits you with a +0 scythe!
* * * LOW HITPOINT WARNING * * *
It was a potion of mutation.
You feel extremely strange.
You feel resistant to cold. Sigmund closely misses you.
You closely miss Sigmund. You peck Sigmund, but do no damage.
Sigmund is severely wounded.
Unknown command.
You barely miss Sigmund. You claw Sigmund, but do no damage.
Sigmund is severely wounded.
Sigmund hits you with a +0 scythe.
You die...

######### #........
#).......
###........
#.@........
##....#@.......
###..####........
##...###....###>..
#.. #....#### ..
#.#.###.######### .
.................
#.#######..########
###.# ### #.##
....#######.#


You could see Sigmund.

Vanquished Creatures
  4 adders
  A white imp (D:3)
  A worm (D:3)
  4 orcs (D:2)
  9 ball pythons
  3 bats
  4 endoplasms
  3 giant cockroaches
  A goblin (D:1)
  4 hobgoblins
  2 jackals (D:2)
  2 quokkas
  A frilled lizard (D:3)
  A kobold (D:4)
  6 rats
46 creatures vanquished.

Notes
Turn   | Place    | Note
-------+----------+-------------------------------------------
     0 | D:1      | hikkokomori the Tengu Warper began the quest for the Orb.
     0 | D:1      | Reached XP level 1. HP: 12/12 MP: 4/4
   125 | D:1      | Reached XP level 2. HP: 17/17 MP: 6/6
   149 | D:1      | Learned a level 2 spell: Blink
   614 | D:2      | Reached XP level 3. HP: 20/22 MP: 7/7
  1044 | D:2      | Learned a level 3 spell: Vhi's Electric Charge
  1151 | D:3      | Reached XP level 4. HP: 26/28 MP: 8/8
  1202 | D:3      | Reached skill level 1 in Air Magic
  1701 | D:4      | Found a shimmering altar of Xom.
  1729 | D:4      | Noticed Sigmund
  1737 | D:4      | HP: 1/28 [Sigmund/+0 scythe (10)]
  1738 | D:4      | Gained mutation: Your flesh is cold resistant. (rC+)
                  | [potion of mutation]
  1740 | D:4      | Slain by Sigmund

Illustrated notes

Levels and vault maps discovered:
D:1:      psy_arrival_basics, layout_rooms, serial_glass, glass_columns_c,
          glass_columns_a, glass_columns_a, item_on_display_a, feat_on_display,
          due_unseen_surprise, item_on_display_a
D:2:      layout_rooms
D:3:      layout_rooms
D:4:      layout_rooms, lemuel_doored_altar, uniq_sigmund

Skill      XL: |  1  2  3  4 |
---------------+-------------+-----
Translocations | 3 |  3.3
Fighting       | 3 |  3.2
Air Magic      | 1 |  1.3
Long Blades    | |  2.5
Throwing       | |  1.1
Armour         | |  1.1
Dodging        | |  2.2
Spellcasting   | |  2.0

Action                   |  1- 3 |  4- 6 || total
-------------------------+-------+-------++-------
Melee: Falchion          |    21 |       ||    21
       Kick              |    15 |     9 ||    24
       Long sword        |    49 |    38 ||    87
       Peck              |    10 |     5 ||    15
  Use: Potion            |       |     1 ||     1
Armor: Leather armour    |    19 |    11 ||    30
Dodge: Dodged            |    53 |    20 ||    73

Table legend: (Time is in decaauts)
 A = Elapsed time spent in this place.
 B = Non-inter-level travel time spent in this place.
 C = Inter-level travel time spent in this place.
 D = Time resting spent in this place.
 E = Time spent auto-exploring this place.
 F = Levels seen in this place.
 G = Mean time per level.
                   A        B        C        D        E       F      G
               +--------+--------+--------+--------+--------+-----+--------+
         Total |   1767 |   1712 |     55 |     76 |   1250 |   4 |  441.8 |
       Dungeon |   1767 |   1712 |     55 |     76 |   1250 |   4 |  441.8 |
               +--------+--------+--------+--------+--------+-----+--------+

Top non-repeatable levels by time:
     D:3: 545 daAuts
     D:1: 543 daAuts
     D:2: 516 daAuts
     D:4: 161 daAuts
